 Dungeon Crawl Stone Soup version 0.20-a0-947-g2784f4f (webtiles) character file.

3474 krabocopter the Fighter (level 9, -9/85 HPs)
             Began as a Grey Draconian Gladiator on Apr 3, 2017.
             Was an Initiate of Wu Jian.
             Mangled by a two-headed ogre
             ... wielding a +0 giant spiked club
              (19 damage)
             ... on level 8 of the Dungeon.
             The game lasted 00:16:45 (5575 turns).

krabocopter the Fighter (Grey Draconian Gladiator)  Turns: 5575, Time: 00:16:46

Health: -9/85      AC: 15    Str: 15 (16) XL:     9   Next: 79%
Magic:  9/9        EV: 15    Int: 14 (15) God:    Wu Jian [......]
Gold:   443        SH:  0    Dex: 13      Spells: 8/8 levels left

rFire    . . .     SeeInvis .   f - +6 short sword (vamp)
rCold    + . .     Gourm    .   (no shield)
rNeg     . . .     Faith    .   (armour unavailable)
rPois    .         Spirit   .   b - +0 hat
rElec    .         Reflect  .   w - +2 cloak
rCorr    .         Harm     .   (no gloves)
MR       .....                  (no boots)
Stlth    +.........             (no amulet)
Regen    0.3/turn               m - +3 ring of intelligence
MPRegen  0.2/turn               C - ring of protection from cold

@: no status effects
A: walk through water, unfitting armour, unbreathing, cold-blooded, AC +12
a: Renounce Religion


You were on level 8 of the Dungeon.
You worshipped Wu Jian.
Wu Jian was noncommittal.
You were not hungry.

You visited 2 branches of the dungeon, and saw 9 of its levels.

You collected 443 gold pieces.

Inventory:

Hand Weapons
 f - a +6 vampiric short sword (weapon)
 r - a +2 hand axe of holy wrath
Missiles
 c - 4 throwing nets (quivered)
Armour
 b - a +0 hat (worn)
 w - a +2 cloak (worn)
Jewellery
 i - an uncursed ring of ice
 m - a +3 ring of intelligence (left hand)
 C - a ring of protection from cold (right hand)
Wands
 x - a wand of paralysis (8/24)
 E - a wand of clouds (5/9)
Scrolls
 a - a scroll of fog {unknown}
 e - 2 scrolls of remove curse
 g - 4 scrolls of identify
 j - 3 scrolls of teleportation
 n - a scroll of fear {unknown}
 q - a scroll of random uselessness {unknown}
 t - a scroll of enchant weapon
 v - a scroll of magic mapping {unknown}
 y - 2 scrolls of amnesia {unknown}
 z - a scroll of recharging {unknown}
 A - 2 scrolls of blinking {unknown}
 D - a scroll of immolation {unknown}
 G - a scroll of brand weapon {unknown}
 H - a scroll of holy word {unknown}
Potions
 k - a potion of lignification
 l - a potion of berserk rage {unknown}
 o - 3 potions of curing
 p - a potion of ambrosia {unknown}
 s - a potion of resistance {unknown}
 B - a potion of flight {unknown}
Comestibles
 d - 3 bread rations
 h - 8 meat rations
 u - 2 royal jellies
 F - 2 chunks of flesh


   Skills:
 - Level 10.1 Fighting
 + Level 9.0(9.2) Short Blades
   Level 3.2(6.5) Long Blades
 - Level 1.7 Throwing
 + Level 5.8 Dodging


You had 8 spell levels left.
You didn't know any spells.

Dungeon Overview and Level Annotations

Branches:
Dungeon (8/15)             Temple (1/1) D:4
   Lair: D:8-11

Altars:
Ashenzari
Cheibriados
Dithmenos
Fedhas
Gozag
Hepliaklqana
Kikubaaqudgha
Makhleb
Nemelex Xobeh
Okawaru
Qazlal
Ru
Sif Muna
Trog
Uskayaw
Vehumet
Wu Jian
Xom
Zin
The Shining One


Innate Abilities, Weirdness & Mutations

You can walk through water.
Your dull iron-grey scales are very hard. (AC +12)
You cannot fit into any form of body armour.
You can survive without breathing.
You are cold-blooded and may be slowed by cold attacks.


Message History

There is an open door here.
You are no longer corroded.
The orc priest calls down the wrath of Beogh upon you.
Beogh smites you!
* * * LOW HITPOINT WARNING * * *
You hear a shout! x2
You take 8 damage, and have 21/85 hp.
A centaur comes into view.
The centaur shouts!
The centaur moves out of view.
You hit the two-headed ogre.
You feel better.
The two-headed ogre hits you with a giant spiked club!
* * * LOW HITPOINT WARNING * * *
The two-headed ogre hits you with a giant club!
* * * LOW HITPOINT WARNING * * *
You take 12 damage, and have 10/85 hp.
You puncture the two-headed ogre! You puncture the two-headed ogre!
The two-headed ogre hits you with a giant spiked club!!
You die...

.#...#...# .#
.#.#.###.#####.#
............>#.####
##########.###.....
#...##......
#.#....# +#
#.#....# .#
###.#....###.###
........ooO@_..+
.........####### .
.........# ##
.........# ##
...##..... .. ##.
#...... .. #
####### ... ##. ...
..


You could see a two-headed ogre, an orc priest and an orc wizard.

Vanquished Creatures
  The ghost of Koga the Cleaver, a novice HOFi (D:6)
  Pikel (D:6)
  A hippogriff (D:7)
  Sigmund (D:5)
  A hungry ghost (D:8)
  Menkaure (D:7)
  Edmund (D:5)
  A water moccasin (D:6)
  2 orc warriors
  2 ice beasts
  A phantom (D:7)
  2 ogres
  3 centaurs
  3 bullfrogs
  A scorpion (D:4)
  2 hounds
  2 jellies (D:8)
  Crazy Yiuf (D:2)
  2 quasits (D:5)
  2 orc priests
  3 orc wizards
  A bullfrog skeleton (D:5)
  A gnoll shaman (D:5)
  An iron imp (D:5)
  An iguana (D:8)
  3 worker ants (D:4)
  7 gnolls
  7 adders
  A shadow imp (D:5)
  An ooze (D:3)
  An adder zombie (D:5)
  A leopard gecko (D:2)
  12 orcs
  5 giant cockroaches
  5 goblins
  5 hobgoblins
  6 jackals
  5 quokkas
  A ball python (D:7)
  A ball python zombie (D:7)
  6 bats
  2 frilled lizards
  10 kobolds
  8 rats
125 creatures vanquished.

Vanquished Creatures (others)
  3 slaves (D:6)
  A centaur (D:6)
  2 scorpions (D:6)
  A centaur skeleton (D:6)
  2 orc wizards (D:6)
  A statue (D:6)
  4 orcs (D:6)
  A giant cockroach zombie (D:6)
15 creatures vanquished.

Grand Total: 140 creatures vanquished

Notes
Turn   | Place    | Note
-------+----------+-------------------------------------------
     0 | D:1      | krabocopter the Draconian Gladiator began the quest for the Orb.
     0 | D:1      | Reached XP level 1. HP: 17/17 MP: 1/1
    95 | D:1      | Reached XP level 2. HP: 25/25 MP: 2/2
   573 | D:1      | You fall through a shaft!
   699 | D:2      | Found a runed door.
   787 | D:2      | Reached XP level 3. HP: 30/30 MP: 3/3
   866 | D:2      | Reached skill level 3 in Fighting
  1023 | D:2      | Found a shattered altar of Ashenzari.
  1186 | D:2      | Noticed Crazy Yiuf
  1193 | D:2      | Killed Crazy Yiuf
  1193 | D:2      | Reached skill level 1 in Short Blades
  1193 | D:2      | Reached XP level 4. HP: 29/38 MP: 4/4
  1502 | D:3      | Reached XP level 5. HP: 36/46 MP: 5/5
  1611 | D:3      | Reached skill level 4 in Fighting
  1748 | D:4      | Found an opulent altar of Gozag.
  1909 | D:4      | Noticed a phantom
  1939 | D:4      | Found a stormy altar of Qazlal.
  1943 | D:4      | Found a blossoming altar of Fedhas.
  1955 | D:4      | Reached XP level 6. HP: 53/53 MP: 6/6
  2175 | D:4      | Reached skill level 5 in Fighting
  2175 | D:4      | Reached skill level 5 in Dodging
  2203 | D:4      | Your scales start taking on a dull iron-grey colour.
  2203 | D:4      | Reached XP level 7. HP: 51/61 MP: 7/7
  2203 | D:4      | Gained mutation: You can survive without breathing. [Grey Draconian growth]
  2285 | D:4      | Found a staircase to the Ecumenical Temple.
  2584 | Temple   | Entered the Ecumenical Temple
  2670 | D:5      | Entered Level 5 of the Dungeon
  2709 | D:5      | Found a snail-covered altar of Cheibriados.
  2942 | D:5      | Reached skill level 6 in Fighting
  3163 | D:5      | Reached XP level 8. HP: 71/71 MP: 8/8
  3190 | D:5      | Found a deep blue altar of Sif Muna.
  3190 | D:5      | Found an ancient bone altar of Kikubaaqudgha.
  3483 | D:5      | Noticed Sigmund
  3497 | D:5      | Killed Sigmund
  3497 | D:5      | Reached skill level 5 in Short Blades
  3516 | D:5      | Noticed Edmund
  3528 | D:5      | Killed Edmund
  3528 | D:5      | Reached skill level 7 in Fighting
  3673 | D:6      | Noticed Koga's ghost (novice HOFi)
  3719 | D:6      | Noticed Pikel
  3745 | D:6      | Killed Pikel
  3745 | D:6      | Reached skill level 8 in Fighting
  3829 | D:6      | Killed Koga's ghost
  3829 | D:6      | Reached XP level 9. HP: 10/82 MP: 9/9
  4306 | D:6      | Reached skill level 9 in Fighting
  4326 | D:6      | Found a radiant altar of Vehumet.
  4988 | D:7      | Noticed Menkaure
  4993 | D:7      | Killed Menkaure
  5163 | D:7      | Found an ornate altar of the Wu Jian Council.
  5171 | D:7      | Became a worshipper of the Wu Jian Council
  5191 | D:7      | Reached skill level 10 in Fighting
  5267 | D:7      | Found a bloodstained altar of Trog.
  5407 | D:8      | Noticed a two-headed ogre
  5563 | D:8      | Found a hazy altar of Hepliaklqana.
  5575 | D:8      | Mangled by a two-headed ogre

Vault maps used:
D:1:      onia_arrival_larder
D:2:      evilmike_ruin_ashenzari, hangedman_decor_diamond_cutter,
          uniq_crazy_yiuf_cottage
D:4:      grunt_temple_overflow_forces_of_nature,
          minmay_temple_entry_nine_rooms,
          nicolae_gozag_cash_rules_everything_around_me
D:5:      gammafunk_temple_overflow_wave, slow_altar_1, first_bread,
          sigmund_edmund_badplayer
D:6:      vehumet_statue, uniq_sigmund, uniq_pikel
D:7:      nicolae_overflow_crystal_walls, lemuel_crystal_altar, uniq_menkaure
D:8:      lemuel_doored_altar, serial_shops, nicolae_shop_statue_plus
Temple:   eino_wide_crystal_templ

Skill      XL: |  1  2  3  4  5  6  7  8  9 |
---------------+----------------------------+-----
Dodging        | 3 4 5 |  5.8
Fighting       | 3 4 5 6 8 10 | 10.1
Short Blades   | 1 2 3 4 7 9 |  9.0
Long Blades    | |  3.2
Throwing       | |  1.7

Action                   |  1- 3 |  4- 6 |  7- 9 || total
-------------------------+-------+-------+-------++-------
Melee: Long sword        |    29 |       |       ||    29
       Tailslap          |     6 |    11 |    56 ||    73
       Short sword       |    66 |   132 |   357 ||   555
  Use: Potion            |       |     1 |     5 ||     6
       Scroll            |       |     3 |     2 ||     5
 Stab: Sleeping          |     1 |     1 |     2 ||     4
       Invisible         |       |       |     2 ||     2
  Eat: Bread ration      |     1 |       |       ||     1
       Chunk             |     1 |     3 |    11 ||    15
       Fruit             |       |       |     3 ||     3
Armor: Skin              |    48 |    38 |    99 ||   185
Dodge: Dodged            |    60 |    93 |   200 ||   353
       Rpst.: Long sword |     8 |       |       ||     8
